 Dungeon Crawl Stone Soup version 0.17.1-3-g152610e (webtiles) character file.

14032 Miyamura the Blocker (level 12, -14/97 HPs)
             Began as a Formicid Fighter on Feb 28, 2016.
             Was the Champion of Cheibriados.
             Demolished by an orc warrior
             ... wielding a +0 flail
              (20 damage)
             ... on level 4 of the Orcish Mines.
             The game lasted 00:34:17 (14537 turns).

Miyamura the Blocker (Formicid Fighter)            Turns: 14537, Time: 00:34:20

Health: -14/97     AC: 24    Str: 37    XL:     12   Next: 40%
Magic:  18/18      EV: 16    Int: 32    God:    Cheibriados [******]
Gold:   845        SH: 15    Dex: 27    Spells: 1 memorised, 10 levels left

rFire  . . .     SeeInvis +     W - +1 war axe (vamp)
rCold  . . .     Clarity  +     F - +2 plate armour {rPois}
rNeg   . . .     SustAt   .     c - +0 shield
rPois  +         Gourm    .     (helmet unavailable)
rElec  .         Spirit   .     T - +1 cloak
rCorr  .         Warding  .     v - +1 pair of gloves
rMut   .         Stasis   +     (no boots)
MR     ++++.                    j - amulet of clarity
Stlth  ..........               a - ring of the Mage {Wiz MR++ Int+3}
                                G - +3 ring of protection

@: very slow, incredibly resistant to hostile enchantments, extremely unstealthy
A: permanent stasis, dig shafts and tunnels, four strong arms, antennae 3, thin
skeletal structure 1, high mp 1, magic resistance 1, screaming 1, spit poison 1,
strong 1
a: Dig, Shaft Self, Spit Poison, Bend Time, Temporal Distortion, Slouch, Step
From Time, Renounce Religion


You were on level 4 of the Orcish Mines.
You worshipped Cheibriados.
Cheibriados was exalted by your worship.
You were hungry.

You visited 3 branches of the dungeon, and saw 15 of its levels.
You also visited: Volcano.

You collected 2034 gold pieces.
You spent 1189 gold pieces at shops.

Inventory:

Hand Weapons
 I - a +1 scimitar of flaming
 M - a +1 long sword of holy wrath
 W - a +1 vampiric war axe (weapon)
Missiles
 q - 6 poisoned tomahawks (quivered)
Armour
 c - a +0 shield (worn)
 v - a +1 pair of gloves (worn)
 F - a +2 plate armour of poison resistance (worn)
 T - a +1 cloak (worn)
Jewellery
 a - the ring of the Mage (right hand) {Wiz MR++ Int+3}
   (You bought it in a shop on level 7 of the Dungeon)

   [ring of wizardry]

   It improves your spell success rate.
   It affects your intelligence (+3).
   It affects your resistance to hostile enchantments.
 j - an amulet of clarity (around neck)
 l - an uncursed ring of ice
 x - an uncursed ring of flight
 G - a +3 ring of protection (left hand)
Wands
 y - a wand of flame (23)
 B - a wand of fire (8)
 D - a wand of paralysis (2)
 K - a wand of frost (12)
Scrolls
 g - 3 scrolls of amnesia
 h - 4 scrolls of enchant armour
 m - 2 scrolls of magic mapping
 o - a scroll of noise {unknown}
 p - a scroll of fog
 r - a scroll of torment {unknown}
 s - 2 scrolls of enchant weapon
 u - 4 scrolls of remove curse
 C - a scroll of fear
Potions
 d - 2 potions of might
 f - 3 potions of curing
 k - 3 potions of brilliance
 n - 3 potions of berserk rage {unknown}
 t - 2 potions of lignification
 w - a potion of cure mutation {unknown}
 H - a potion of poison {unknown}
 J - a potion of ambrosia {unknown}
 O - 2 potions of resistance {unknown}
 Q - a potion of invisibility {unknown}
 S - a potion of agility {unknown}
 U - a potion of cancellation {unknown}
Books
 E - a book of Geomancy

   Spells                             Type                      Level
   a - Sandblast                      Earth                        1
   b - Stoneskin                      Transmutation/Earth          2
   c - Passwall                       Transmutation/Earth          3
   d - Stone Arrow                    Conjuration/Earth            3
   e - Petrify                        Transmutation/Earth          4
   f - Lee's Rapid Deconstruction     Earth                        5
 L - a book of Unlife

   Spells                             Type                      Level
   a - Recall                         Summoning/Translocation      3
   b - Animate Dead                   Necromancy                   4
   c - Control Undead                 Necromancy                   4
   d - Cigotuvi's Embrace             Necromancy                   5
   e - Death Channel                  Necromancy                   6
   f - Simulacrum                     Ice/Necromancy               6
 N - a book of Envenomations

   Spells                             Type                      Level
   a - Spider Form                    Transmutation/Poison         3
   b - Alistair's Intoxication        Transmutation/Poison         4
   c - Olgreb's Toxic Radiance        Poison                       4
   d - Poisonous Cloud                Conjuration/Poison/Air       6
 P - a book of Fire

   Spells                             Type                      Level
   a - Ignite Poison                  Fire/Transmutation/Poison    3
   b - Fireball                       Conjuration/Fire             5
   c - Bolt of Fire                   Conjuration/Fire             6
   d - Delayed Fireball               Conjuration/Fire             7
   e - Ring of Flames                 Charms/Fire                  7
Comestibles
 b - 2 chunks of flesh
 e - 4 bread rations
 i - 3 meat rations
 A - 3 fruits


   Skills:
 + Level 9.7 Fighting
 + Level 8.6 Axes
 + Level 9.4 Armour
 + Level 7.5 Dodging
 + Level 10.9 Shields
 + Level 6.0 Invocations


You had 10 spell levels left.
You knew the following spells:

 Your Spells              Type           Power        Failure   Level  Hunger
a - Sandblast             Erth           #.....       19%         1    ##.....


Dungeon Overview and Level Annotations

Branches:
Dungeon (10/15)            Temple (1/1) D:4            Lair (0/8) D:10
    Orc (4/4) D:10            Elf (0/3) Orc:4

Altars:
Ashenzari
Cheibriados
Dithmenos
Elyvilon
Fedhas
Gozag
Kikubaaqudgha
Makhleb
Nemelex Xobeh
Okawaru
Qazlal
Ru
Sif Muna
Trog
Vehumet
Xom
Yredelemnul
Zin
The Shining One
Beogh

Shops:
D:7 *


Innate Abilities, Weirdness & Mutations

You are under a permanent stasis effect.
You can dig through walls and to a lower floor.
Your four strong arms can wield two-handed weapons with a shield.
You have a pair of large antennae on your head (SInv).
You have a somewhat thin skeletal structure (Dex +2, Stealth).
You have an increased reservoir of magic (+10% MP).
You are resistant to hostile enchantments.
You occasionally shout uncontrollably at your foes.
You can spit weak poison.
Your muscles are strong. (Str +2)


Message History

The orc warrior is almost dead.
You barely miss the orc priest. You block the orc priest's attack.
The orc priest casts a cantrip, but nothing happens.
The orc priest mumbles some strange prayers to Beogh against you.
Something smites you!
* * * LOW HITPOINT WARNING * * *
You block the orc warrior's attack.
An orc knight comes into view. It is wielding a long sword.
The orc knight shouts!
An orc priest comes into view.
The orc priest shouts!
Unknown command.
You fail to use your ability.
The orc priest closely misses you. The orc misses you.
The orc priest miscasts a cantrip.
The orc priest mumbles some strange prayers to Beogh against you.
Something smites you!
* * * LOW HITPOINT WARNING * * *
You block the orc's attack. The orc warrior hits you with a flail!!
You die...

***,,,,,*** *,,,,,,,,,,,,,,,,,
***,,,,,,...##*#.$......,,,,,,,,*
*,,,,,,,,.....##........,,,,,,,,,
,,,,,,,,,.o...o#....o...,,,,,,,,*
,*,*,*,*,#.#o#o#........,,,,,,,,*
,,,,,,,,,.o.ooooo...........,,,,,
,,,,,,,,,...oooooo..........,,,,,
,,,,,,,,,....ooooo..........,,,,,
,*,*,*,*,*,*,*o#@oo.........,,,,*
,,,,,,,,,,,,,{{#............,,,,,
*,,,,,,,,,,,,,*#............,,,,,
***,,,{,,{,,***#...............,,
***,,,,,*** #....).....#.....,
******* #..........#.....*
######.......#.....#*
##......#.....#.....#*
#....#..[)...#......,*


You could see 2 orc knights, 5 orc warriors, 10 orc priests and 7 orcs.

Vanquished Creatures
  Erica (Orc:1)
  The ghost of Kokonut the Covert, a journeyman KoBe of Trog (D:10)
  A lindwurm (Volcano)
  A hill giant (D:10)
  An orc knight (Orc:3)
  An orc sorcerer (Orc:4)
  A cyclops (Orc:2)
  Maurice (D:10)
  A komodo dragon (Volcano)
  2 trolls (Orc:2)
  2 fire drakes (Volcano)
  4 yaks (D:10)
  2 hippogriffs
  2 hungry ghosts (D:7)
  4 wargs
  A hell hound (Volcano)
  A mottled dragon (Volcano)
  2 phantoms
  4 ice beasts
  8 orc warriors
  A black bear (D:10)
  7 ogres
  3 necrophages (D:9)
  4 sky beasts
  A wasp (D:8)
  2 centaurs (D:9)
  9 giant frogs
  2 scorpions
  11 wights
  4 giant frog zombies
  39 orc wizards
  4 crimson imps
  27 orc priests
  3 centaur zombies
  4 jellies
  8 hounds
  A giant frog skeleton (D:5)
  8 worker ants
  A killer bee zombie (D:5)
  A hound zombie (D:5)
  2 hound skeletons
  A worker ant zombie (D:9)
  7 adders
  A shadow imp (D:10)
  An adder zombie (D:8)
  7 worms
  4 adder skeletons
  5 giant geckos
  177 orcs
  10 bats
  8 giant cockroaches
  8 goblins
  9 hobgoblins
  10 jackals
  3 quokkas
  3 ball pythons
  A ball python skeleton (D:5)
  A ball python zombie (D:5)
  A giant gecko skeleton (D:5)
  3 giant newts
  8 kobolds
  2 quokka skeletons
  2 quokka zombies (D:5)
  12 rats
467 creatures vanquished.

Vanquished Creatures (others)
  An orc warrior (Orc:3)
  An orc wizard (Orc:2)
2 creatures vanquished.

Grand Total: 469 creatures vanquished

Notes
Turn   | Place    | Note
--------------------------------------------------------------
     0 | D:1      | Miyamura the Formicid Fighter began the quest for the Orb.
     0 | D:1      | Reached XP level 1. HP: 18/18 MP: 1/1
   158 | D:1      | Reached XP level 2. HP: 22/24 MP: 2/2
   356 | D:1      | Reached skill level 4 in Shields
   360 | D:1      | Reached XP level 3. HP: 28/30 MP: 3/3
   872 | D:2      | Reached skill level 1 in Dodging
   872 | D:2      | Reached XP level 4. HP: 33/37 MP: 4/4
  1676 | D:3      | Reached XP level 5. HP: 22/42 MP: 5/5
  2298 | D:3      | Reached skill level 5 in Shields
  2332 | D:3      | Reached XP level 6. HP: 45/48 MP: 6/6
  3423 | D:4      | Reached XP level 7. HP: 52/55 MP: 7/7
  3484 | D:4      | Found a staircase to the Ecumenical Temple.
  3521 | Temple   | Entered the Ecumenical Temple
  3623 | Temple   | Became a worshipper of Cheibriados the Contemplative
  3816 | D:4      | Found a burning altar of Makhleb.
  3817 | D:4      | Reached skill level 5 in Fighting
  3991 | D:5      | Entered Level 5 of the Dungeon
  4168 | D:5      | Reached skill level 6 in Shields
  4232 | D:5      | Reached skill level 5 in Armour
  4232 | D:5      | Reached XP level 8. HP: 60/62 MP: 8/8
  4327 | D:5      | Gained mutation: You are resistant to hostile enchantments. [mutagenic meat]
  4496 | D:5      | Reached * piety under Cheibriados
  4642 | D:5      | Gained mutation: You occasionally shout uncontrollably at your foes. [mutagenic meat]
  5119 | D:6      | Reached skill level 7 in Shields
  5142 | D:6      | Reached XP level 9. HP: 65/69 MP: 9/9
  5247 | D:5      | Reached ** piety under Cheibriados
  5251 | D:5      | Reached skill level 5 in Axes
  5956 | D:6      | Reached *** piety under Cheibriados
  6177 | D:6      | Found a deep blue altar of Sif Muna.
  6314 | D:7      | Found Argholue's Assorted Antiques.
  6323 | D:7      | Learned a level 1 spell: Sandblast
  6519 | D:7      | Reached skill level 8 in Shields
  6789 | D:7      | Reached skill level 5 in Dodging
  6795 | D:7      | Reached XP level 10. HP: 79/79 MP: 10/10
  7087 | D:7      | Reached skill level 1 in Invocations
  7181 | D:8      | Reached **** piety under Cheibriados
  8117 | D:8      | Found a blossoming altar of Fedhas.
  8238 | D:8      | Reached ***** piety under Cheibriados
  8489 | D:9      | Reached skill level 9 in Shields
  9339 | D:9      | Gained mutation: Your muscles are strong. (Str +2) [mutagenic meat]
  9340 | D:9      | Gained mutation: You have a somewhat thin skeletal structure (Dex +2, Stealth). [mutagenic meat]
  9341 | D:9      | Gained mutation: You have an increased reservoir of magic (+10% MP). [mutagenic meat]
  9342 | D:9      | Gained mutation: You can spit weak poison. [mutagenic meat]
  9363 | D:10     | Entered Level 10 of the Dungeon
  9363 | D:10     | Found a staircase to the Lair.
  9436 | D:10     | Noticed Maurice
  9643 | D:10     | Noticed Kokonut's ghost (journeyman KoBe)
  9667 | D:10     | Killed Kokonut's ghost
  9667 | D:10     | Reached XP level 11. HP: 44/87 MP: 13/15
 10385 | D:10     | Found a staircase to the Orcish Mines.
 10428 | D:10     | Noticed a hill giant
 10436 | D:10     | Killed a hill giant
 10473 | D:10     | Killed Maurice
 10660 | Orc:1    | Entered Level 1 of the Orcish Mines
 10678 | Orc:1    | Reached ****** piety under Cheibriados
 11129 | Orc:1    | Noticed Erica
 11147 | Orc:1    | Killed Erica
 11147 | Orc:1    | Reached skill level 10 in Shields
 11648 | Orc:2    | Noticed a cyclops
 11666 | Orc:2    | Killed a cyclops
 12272 | Orc:3    | Reached skill level 5 in Invocations
 12459 | D:7      | Bought the ring of the Mage {Wiz MR++ Int+3} for 1189 gold pieces
 12627 | Orc:3    | Noticed an orc knight
 12713 | Orc:3    | Killed an orc knight
 12713 | Orc:3    | Reached XP level 12. HP: 79/96 MP: 15/17
 13675 | Orc:4    | Entered Level 4 of the Orcish Mines
 13675 | Orc:4    | Found a staircase to the Elven Halls.
 13774 | Orc:4    | Found a roughly hewn altar of Beogh.
 13818 | Orc:4    | Found a dark tunnel.
 13823 | Volcano  | Entered a volcano
 14537 | Orc:4    | Demolished by an orc warrior

Action                   |  1- 3 |  4- 6 |  7- 9 | 10-12 || total
-------------------------+-------+-------+-------+-------++-------
Melee: War axe           |    83 |   188 |   408 |   716 ||  1395
Throw: Tomahawk          |       |       |     2 |       ||     2
Invok: Bend Time         |       |       |       |     3 ||     3
 Abil: Dig               |       |       |       |     1 ||     1
Evoke: Wand              |       |       |       |    12 ||    12
  Use: Scroll            |     4 |     1 |    10 |     4 ||    19
       Potion            |       |     1 |       |     3 ||     4
 Stab: Paralysed         |       |       |       |    13 ||    13
  Eat: Chunk             |       |     8 |    13 |    16 ||    37
       Meat ration       |       |       |     1 |     2 ||     3
       Pizza             |       |       |     1 |     1 ||     2
       Royal jelly       |       |       |       |     1 ||     1
       Fruit             |       |       |       |     1 ||     1
